[Event "Titled Tuesday Blitz August 08 Early 2023"]
[White "Kohler, Aran"]
[Black "Chudnovsky, Jacob"]
[WhiteFideId "1002856"]
[BlackFideId "2010046"]
[WhiteElo "2255"]
[BlackElo "2388"]
[Result "0-1"]
[Round "6"]
[TimeControl "180+1"]
[Date "2023.08.08"]
[WhiteClock "0:00:08"]
[BlackClock "0:01:18"]
[Board "192"]

1. d4 f5 2. Qd3 d5 3. g4 e6 4. gxf5 exf5 5. Nf3 Nf6 6. Bg5 Bd6 7. Nc3 c6 8. O-O-O Be6 9. Rg1 Nbd7 10. Bh3 Qe7 11. Bxf5 O-O-O 12. e3 g6 13. Bxe6 Qxe6 14. Bxf6 Qxf6 15. Ng5 Rdf8 16. f4 h6 17. Nf3 g5 18. Ne5 gxf4 19. Nxd7 Kxd7 20. e4 f3 21. e5 Qf4+ 22. Kb1 Be7 23. Rgf1 f2 24. Nxd5 cxd5 25. Qb5+ Kc7 26. Rd3 Kb8 27. Rb3 b6 28. Qc6 Qxd4 29. Rd3 Qxe5 30. Qxd5 Qxd5 31. Rxd5 Bc5 32. a3 Rhg8 33. b4 Rg1 34. Rdd1 Rxf1 35. Rxf1 Re8 36. bxc5 Re1+ 0-1


[Site "https://www.chess.com"]

[Event "Titled Tuesday Blitz August 08 Early 2023"]
[White "Polaczek, Richard"]
[Black "Samaganova, Aleksandra"]
[WhiteFideId "200026"]
[BlackFideId "13800221"]
[WhiteElo "2386"]
[BlackElo "2236"]
[Result "1/2-1/2"]
[Round "6"]
[TimeControl "180+1"]
[Date "2023.08.08"]
[WhiteClock "0:00:23"]
[BlackClock "0:00:04"]
[Board "193"]

1. d4 Nf6 2. c4 e6 3. Nc3 Bb4 4. f3 c5 5. d5 d6 6. e4 Bxc3+ 7. bxc3 O-O 8. Bd3 Re8 9. Ne2 Nbd7 10. O-O Ne5 11. Nf4 h6 12. Be2 a6 13. a4 Rb8 14. Nh3 Ng6 15. Nf2 Bd7 16. g3 b5 17. axb5 axb5 18. dxe6 Rxe6 19. cxb5 Bxb5 20. Bxb5 Rxb5 21. Qd3 Qb6 22. Ra8+ Kh7 23. f4 Nxe4 24. Nxe4 c4+ 25. Qe3 Qxe3+ 26. Bxe3 Rxe4 27. Bd4 Ne7 28. Re8 d5 29. Rd8 Nf5 30. Bf2 Ne3 31. Re1 Nc2 32. Rc1 Ne3 33. Re1 Nc2 34. Rc1 Ne3 35. Re1 1/2-1/2


[Site "https://www.chess.com"]

[Event "Titled Tuesday Blitz August 08 Early 2023"]
[White "Rakhimgaliyev, Yerlan"]
[Black "Lisjak, Zlatko"]
[WhiteFideId "13705148"]
[BlackFideId "14502186"]
[WhiteElo "2383"]
[BlackElo "2186"]
[Result "1-0"]
[Round "6"]
[TimeControl "180+1"]
[Date "2023.08.08"]
[WhiteClock "0:00:34"]
[BlackClock "0:00:45"]
[Board "194"]

1. e4 c5 2. c3 d5 3. exd5 Qxd5 4. d4 Nf6 5. Nf3 e6 6. Na3 a6 7. Nc4 Nbd7 8. Nfe5 b5 9. Ne3 Qd6 10. Nxd7 Bxd7 11. Be2 cxd4 12. cxd4 Qb4+ 13. Kf1 Bd6 14. h4 O-O 15. h5 Rfd8 16. h6 g6 17. Rh4 Bf8 18. Bd2 Qe7 19. Ba5 Bc6 20. Bf3 Rd7 21. Bxc6 Raa7 22. Bxd7 Rxd7 23. Rc1 Ne8 24. g3 e5 25. d5 e4 26. Qg4 Nf6 27. Qg5 Nxd5 28. Qxe7 Nxe3+ 29. fxe3 Bxe7 30. Rc8+ Bf8 31. Bb4 f5 32. Rxf8# 1-0


[Site "https://www.chess.com"]

[Event "Titled Tuesday Blitz August 08 Early 2023"]
[White "Mishra, Manoj"]
[Black "Smiechu"]
[WhiteFideId "5006007"]
[WhiteElo "2221"]
[BlackElo "2373"]
[Result "1-0"]
[Round "6"]
[TimeControl "180+1"]
[Date "2023.08.08"]
[WhiteClock "0:00:15"]
[BlackClock "0:00:15"]
[Board "195"]

1. d4 Nf6 2. g3 c5 3. dxc5 e6 4. Be3 Ne4 5. Bg2 Nxc5 6. b4 Na4 7. c3 d5 8. Qxa4+ Bd7 9. Qc2 Nc6 10. Nd2 Be7 11. Ngf3 Bf6 12. O-O O-O 13. Nd4 Rc8 14. Qb3 Ne5 15. h3 Qe8 16. f4 Ba4 17. Qb2 Nc6 18. Nxc6 Rxc6 19. Rfc1 Qc8 20. Bd4 Be7 21. c4 e5 22. Bxe5 Qf5 23. Bxd5 Qxh3 24. Nf1 Rh6 25. Bxg7 Rg6 26. Bxf8 Bh4 27. Rc3 Bc6 28. Bxc6 bxc6 29. Bc5 Bf6 30. Bf2 Rh6 31. Be3 Qg4 32. Kf2 Rh1 33. Rd1 Bh4 34. Rcd3 Bxg3+ 35. Nxg3 Rh2+ 36. Kf1 Qh3+ 37. Ke1 Qxg3+ 38. Kd2 Qh4 39. Kc1 f6 40. Rd8+ Kg7 41. R1d7+ Kh6 42. f5+ Kh5 43. Rxh7+ 1-0


[Site "https://www.chess.com"]

[Event "Titled Tuesday Blitz August 08 Early 2023"]
[White "Mitrovic, Darko R"]
[Black "Kanyamarala, Trisha"]
[WhiteFideId "927023"]
[BlackFideId "45004722"]
[WhiteElo "2139"]
[BlackElo "2360"]
[Result "0-1"]
[Round "6"]
[TimeControl "180+1"]
[Date "2023.08.08"]
[WhiteClock "0:00:00"]
[BlackClock "0:00:55"]
[Board "196"]

1. d4 Nf6 2. Nf3 d5 3. g3 e6 4. Bg2 a6 5. O-O b5 6. a4 Bb7 7. axb5 axb5 8. Rxa8 Bxa8 9. Nbd2 Nbd7 10. e3 c5 11. Qe2 c4 12. Ne5 Nxe5 13. dxe5 Nd7 14. f4 Bc5 15. Nf3 Qb6 16. c3 O-O 17. Nd4 f6 18. exf6 Nxf6 19. f5 exf5 20. Rxf5 Re8 21. Qf3 b4 22. Bd2 Bb7 23. g4 Bc8 24. Rxf6 gxf6 25. Qxd5+ Kh8 26. Qxc4 Bxg4 27. cxb4 Bd6 28. Qc6 Qb8 29. h3 Bh5 30. Qd5 Re5 31. Nc6 Rxd5 32. Nxb8 Rxd2 0-1


[Site "https://www.chess.com"]

[Event "Titled Tuesday Blitz August 08 Early 2023"]
[White "Tharushi, T H D Niklesha"]
[Black "Shapiro, Daniel"]
[WhiteFideId "9918264"]
[BlackFideId "2001780"]
[WhiteElo "2028"]
[BlackElo "2354"]
[Result "1-0"]
[Round "6"]
[TimeControl "180+1"]
[Date "2023.08.08"]
[WhiteClock "0:00:31"]
[BlackClock "0:00:03"]
[Board "197"]

1. d4 Nf6 2. c4 e6 3. g3 d5 4. Nf3 Bb4+ 5. Bd2 Be7 6. Qc2 c6 7. Bg2 O-O 8. O-O b6 9. b3 Nbd7 10. Bc3 Bb7 11. Nbd2 Rc8 12. Bb2 c5 13. Rac1 Qc7 14. Qb1 Qb8 15. Rfe1 Rfd8 16. h3 Bf8 17. e3 h6 18. Nh2 Ne4 19. Nxe4 dxe4 20. Bxe4 f5 21. Bg2 Bxg2 22. Kxg2 Qb7+ 23. Nf3 g5 24. d5 Bg7 25. Bxg7 Kxg7 26. e4 Nf6 27. e5 Ne4 28. dxe6 Nd2 29. Qxf5 Rf8 30. Qd3 Rxf3 31. Qd7+ Qxd7 32. exd7 Rcf8 33. Re2 Rd3 34. e6 Rd8 35. Rd1 Kf6 36. e7 R3xd7 37. exd8=Q+ Rxd8 38. Rdxd2 Re8 39. Rxe8 1-0


[Site "https://www.chess.com"]

[Event "Titled Tuesday Blitz August 08 Early 2023"]
[White "Vaibhav, Suri"]
[Black "Miguelitro69"]
[WhiteFideId "5045185"]
[WhiteElo "2714"]
[BlackElo "2245"]
[Result "1-0"]
[Round "6"]
[TimeControl "180+1"]
[Date "2023.08.08"]
[WhiteClock "0:00:12"]
[BlackClock "0:00:00"]
[Board "198"]

1. d4 d5 2. Bg5 c6 3. Nd2 Nf6 4. e3 g6 5. Bxf6 exf6 6. h4 h5 7. c4 Bh6 8. Ne2 O-O 9. Nc3 dxc4 10. Bxc4 Re8 11. O-O f5 12. Nf3 Nd7 13. Qb3 Qe7 14. e4 Nb6 15. Bd3 Be6 16. Qc2 fxe4 17. Bxe4 Bg7 18. Rfe1 Qf6 19. Ng5 Bd5 20. Rad1 Bxe4 21. Ncxe4 Qf5 22. Re3 Nd5 23. Rf3 Qg4 24. Rxf7 Rxe4 25. Rxg7+ Kxg7 26. Nxe4 Qxh4 27. Nc5 Kh7 28. Re1 Qf6 29. Re6 Qf7 30. Ne4 Kg7 31. Ng5 Qf5 32. Qd2 Rf8 33. Re5 Qb1+ 34. Kh2 Kg8 35. Ne6 Rf7 36. Ng5 1-0


[Site "https://www.chess.com"]

[Event "Titled Tuesday Blitz August 08 Early 2023"]
[White "Schut, Han"]
[Black "Orlov, Georgi"]
[WhiteFideId "1005561"]
[BlackFideId "2011271"]
[WhiteElo "2237"]
[BlackElo "2561"]
[Result "0-1"]
[Round "6"]
[TimeControl "180+1"]
[Date "2023.08.08"]
[WhiteClock "0:00:00"]
[BlackClock "0:00:38"]
[Board "199"]

1. e4 c5 2. Nf3 e6 3. c4 Nc6 4. Nc3 a6 5. Be2 d6 6. d4 cxd4 7. Nxd4 Nf6 8. Be3 Be7 9. Rc1 O-O 10. f3 Bd7 11. Qd2 Nxd4 12. Bxd4 Bc6 13. O-O Qa5 14. Rfd1 Rfd8 15. Nd5 Qxd2 16. Nxe7+ Kf8 17. Rxd2 Kxe7 18. Bb6 Rd7 19. b4 Ba4 20. Rc3 d5 21. cxd5 exd5 22. e5 Nh5 23. g3 g6 24. Bd4 Ng7 25. f4 Ne6 26. Bg4 h5 27. Bxe6 Kxe6 28. Kf2 Bb5 29. Rdc2 Bc4 30. a4 Kf5 31. Kf3 g5 32. fxg5 Kxg5 33. Ke3 Rc8 34. Rf2 Rc6 35. h4+ Kh6 36. Rf5 Rg6 37. Kf4 Rg4+ 38. Ke3 Rxg3+ 39. Rf3 Rg4 40. Rf4 Rg6 41. Kf2 Re7 42. Rcf3 Rg4 0-1


[Site "https://www.chess.com"]

[Event "Titled Tuesday Blitz August 08 Early 2023"]
[White "Parpiev, Isaak"]
[Black "Kula, Robert"]
[WhiteFideId "34281576"]
[BlackFideId "1101218"]
[WhiteElo "2522"]
[BlackElo "2235"]
[Result "1-0"]
[Round "6"]
[TimeControl "180+1"]
[Date "2023.08.08"]
[WhiteClock "0:00:28"]
[BlackClock "0:00:00"]
[Board "200"]

1. e4 g6 2. d4 Bg7 3. Nc3 d6 4. f4 Nd7 5. Nf3 c5 6. Be3 Qa5 7. Bc4 Ngf6 8. O-O Ng4 9. Bxf7+ Kf8 10. Bd2 cxd4 11. Nd5 Qd8 12. Ng5 Ndf6 13. Ne6+ Bxe6 14. Bxe6 Ne3 15. Bxe3 dxe3 16. Nxf6 Bxf6 17. e5 Bg7 18. f5 Bxe5 19. fxg6+ Bf6 20. g7+ Kxg7 21. Qg4+ Kf8 22. Qh5 Kg7 23. Rf4 Qe8 24. Rg4+ Qg6 25. Rxg6+ hxg6 26. Qf3 Raf8 27. Qxe3 Bxb2 28. Rb1 Be5 29. g3 b6 30. h4 Rf6 31. Bd5 Rhf8 32. Kg2 e6 33. Be4 R8f7 34. Rh1 Bb2 35. h5 gxh5 36. Rxh5 d5 37. Rh7+ Kf8 38. Rxf7+ Rxf7 39. Bg6 Rf6 40. Bd3 Ke7 41. c4 Kd6 42. cxd5 exd5 43. g4 Be5 44. g5 Rf4 45. g6 d4 46. Qh3 Rf3 47. Qxf3 a5 48. Qe4 1-0


[Site "https://www.chess.com"]

[Event "Titled Tuesday Blitz August 08 Early 2023"]
[White "Zaichenko, Daria"]
[Black "Rama, Tejas"]
[WhiteFideId "4197453"]
[BlackFideId "30907381"]
[WhiteElo "2228"]
[BlackElo "2500"]
[Result "0-1"]
[Round "6"]
[TimeControl "180+1"]
[Date "2023.08.08"]
[WhiteClock "0:00:01"]
[BlackClock "0:00:04"]
[Board "201"]

1. e4 c5 2. Nf3 d6 3. d4 cxd4 4. Nxd4 Nf6 5. Nc3 Nc6 6. Bc4 Qb6 7. Nb3 e6 8. Be3 Qc7 9. O-O a6 10. a4 Be7 11. f4 Bd7 12. a5 Nb4 13. Be2 Bc6 14. Bb6 Qc8 15. Bf3 O-O 16. Nd4 Bd7 17. e5 Nfd5 18. Nxd5 Nxd5 19. Bxd5 dxe5 20. Bxb7 Qxb7 21. fxe5 Rac8 22. Nb3 Bc6 23. Qg4 Bd5 24. Qg3 Rxc2 25. Rf2 Rxf2 26. Kxf2 Rc8 27. Rd1 Rc2+ 28. Rd2 Bxb3 29. Rxc2 Bxc2 30. Qc3 Be4 31. Qd4 Bxg2 32. Qa4 Qf3+ 33. Ke1 Qf1+ 34. Kd2 h6 35. Qe8+ Bf8 36. b4 Qf4+ 37. Kc2 Qc4+ 38. Kd1 Qb3+ 39. Ke2 Bf3+ 40. Kf2 Be4 41. Bc5 Qf3+ 42. Ke1 Kh7 43. Bxf8 Qe3+ 44. Kd1 Bd3 45. Qc8 Qe2+ 46. Kc1 Qe1+ 47. Kb2 Qb1+ 48. Ka3 Bc2 49. Qc3 Bf5 50. Bc5 Qe4 51. Qe3 Qd5 52. Kb2 Qc4 53. Qc3 Qe2+ 54. Ka3 g5 55. Bd6 Qxh2 56. Qc7 Qg3+ 57. Kb2 Qf2+ 58. Ka3 Kg6 59. Qc3 g4 60. Qc4 Qf3+ 61. Kb2 Qd3 62. Qc8 Qb1+ 63. Ka3 Qa1+ 64. Kb3 Kh5 65. Qc2 Bxc2+ 0-1


[Site "https://www.chess.com"]

[Event "Titled Tuesday Blitz August 08 Early 2023"]
[White "Herzog2012"]
[Black "Joshi, Pankaj"]
[BlackFideId "5006210"]
[WhiteElo "2440"]
[BlackElo "2225"]
[Result "0-1"]
[Round "6"]
[TimeControl "180+1"]
[Date "2023.08.08"]
[WhiteClock "0:00:13"]
[BlackClock "0:00:11"]
[Board "202"]

1. e4 c6 2. d4 d5 3. Nc3 dxe4 4. Nxe4 Nf6 5. Nxf6+ exf6 6. c3 Bd6 7. Bd3 O-O 8. Qc2 h6 9. Ne2 Re8 10. O-O Nd7 11. Be3 Nf8 12. c4 Be6 13. Rfe1 Qd7 14. Rad1 Rad8 15. Qd2 Ng6 16. b3 Qe7 17. Qc2 Qc7 18. Bxg6 fxg6 19. h3 Bb4 20. Bd2 Bf5 21. Qb2 Bxd2 22. Qxd2 Rd7 23. Nc3 Rde7 24. Rxe7 Qxe7 25. Re1 Qxe1+ 26. Qxe1 Rxe1+ 27. Kh2 Rc1 28. Na4 Ra1 29. Nc5 Rxa2 30. Nxb7 Rxf2 31. Kg3 Rb2 32. Na5 Be4 33. h4 Bc2 34. Nxc6 Bxb3 35. c5 Bd5 36. Ne7+ Kf7 37. Nxd5 Rd2 38. Kf3 Rxd4 39. Ne3 Rd3 40. Ke4 Rxe3+ 41. Kxe3 Ke7 42. Kd4 Kd7 43. Kd5 Kc7 44. Ke6 a5 45. Kf7 a4 46. Kxg7 a3 47. Kxh6 a2 48. Kxg6 a1=Q 49. h5 Qc3 50. h6 Qxc5 51. h7 Qf8 52. g4 Qh8 53. Kh6 Kd6 54. Kg6 Ke6 55. Kh6 Kf7 56. g5 fxg5 57. Kxg5 Qxh7 58. Kf4 Qg6 59. Ke3 Kf6 60. Kd4 Qf5 61. Ke3 Qe5+ 62. Kd3 Kf5 63. Kc4 Qe4+ 64. Kc5 Ke5 65. Kb6 Qc2 66. Kb5 Kd5 67. Kb4 Qc4+ 68. Ka3 Qb5 69. Ka2 Qb4 70. Ka1 Kd4 71. Ka2 Kc3 72. Ka1 Qb2# 0-1


[Site "https://www.chess.com"]

[Event "Titled Tuesday Blitz August 08 Early 2023"]
[White "campochess"]
[Black "Kazakov, Mikhail"]
[BlackFideId "14102749"]
[WhiteElo "2222"]
[BlackElo "2406"]
[Result "0-1"]
[Round "6"]
[TimeControl "180+1"]
[Date "2023.08.08"]
[WhiteClock "0:00:05"]
[BlackClock "0:00:08"]
[Board "203"]

1. d4 Nf6 2. Bg5 Ne4 3. h4 h6 4. Bf4 d5 5. f3 Nf6 6. c4 e6 7. Nc3 Bd6 8. Nh3 Nh5 9. Qd2 Nxf4 10. Nxf4 c6 11. e4 dxe4 12. Nxe4 Bc7 13. O-O-O O-O 14. Kb1 Nd7 15. Nh5 f5 16. Nc3 Nf6 17. Nf4 e5 18. Ng6 Re8 19. dxe5 Qxd2 20. Rxd2 Bxe5 21. Nxe5 Rxe5 22. Bd3 Bd7 23. Rhd1 Rae8 24. Bc2 Re1 25. c5 Rxd1+ 26. Rxd1 Be6 27. Rd6 Kf8 28. Kc1 g6 29. Nd1 Ke7 30. Nf2 Nd5 31. Nd3 g5 32. hxg5 hxg5 33. Ne5 Rc8 34. Kd2 b6 35. Nxc6+ Kf7 36. Ne5+ Ke7 37. Rc6 Rd8 38. Bb3 Nb4+ 39. Ke3 f4+ 40. Ke2 Bxb3 41. axb3 Rd5 42. Rc7+ Kd8 43. Rxa7 Rxe5+ 44. Kd2 bxc5 45. Kc3 Re2 46. Ra5 Rc2# 0-1


[Site "https://www.chess.com"]

[Event "Titled Tuesday Blitz August 08 Early 2023"]
[White "Clawitter, Craig"]
[Black "Avazkhonov, Alikhon"]
[WhiteFideId "2023105"]
[BlackFideId "14208504"]
[WhiteElo "2210"]
[BlackElo "2394"]
[Result "0-1"]
[Round "6"]
[TimeControl "180+1"]
[Date "2023.08.08"]
[WhiteClock "0:00:00"]
[BlackClock "0:00:14"]
[Board "204"]

1. e4 c6 2. d4 d5 3. e5 c5 4. dxc5 Nc6 5. a3 e6 6. Nf3 Bxc5 7. b4 Be7 8. Bd3 f6 9. Bb2 Nh6 10. O-O Nf7 11. exf6 Bxf6 12. Nc3 O-O 13. Na4 e5 14. Bb5 Bg4 15. h3 Bh5 16. g4 Bg6 17. Re1 e4 18. Bxc6 bxc6 19. Nd4 Ng5 20. Nxc6 Qd6 21. Bxf6 Nf3+ 22. Kg2 Rxf6 23. Qxd5+ Qxd5 24. Ne7+ Kf7 25. Nxd5 Nxe1+ 26. Rxe1 Rd6 27. c4 Rc8 28. Nc5 a5 29. Nxe4 Bxe4+ 30. Rxe4 axb4 31. axb4 Rdc6 32. Re7+ Kf8 33. c5 Ra6 34. Re5 Rb8 35. Rf5+ Kg8 0-1


[Site "https://www.chess.com"]

[Event "Titled Tuesday Blitz August 08 Early 2023"]
[White "Kiseljova, Marya"]
[Black "Buscar, Michael"]
[WhiteFideId "4155009"]
[BlackFideId "2603616"]
[WhiteElo "2209"]
[BlackElo "2377"]
[Result "0-1"]
[Round "6"]
[TimeControl "180+1"]
[Date "2023.08.08"]
[WhiteClock "0:00:12"]
[BlackClock "0:00:06"]
[Board "205"]

1. d4 Nf6 2. c4 e6 3. g3 c5 4. d5 exd5 5. cxd5 d6 6. Nc3 g6 7. Bg2 Bg7 8. Nf3 O-O 9. O-O Na6 10. Re1 Nc7 11. a4 b6 12. Bg5 Qd7 13. Nd2 Bb7 14. e4 Nh5 15. Bf3 Nf6 16. Nc4 Ba6 17. b3 Bxc4 18. bxc4 Rae8 19. Rc1 Na6 20. Bf4 Re7 21. e5 Ne8 22. Bg4 Qd8 23. e6 f5 24. Bf3 Nb4 25. Nb5 a6 26. Na3 h6 27. Nc2 g5 28. Bd2 Nd3 29. Re3 Nxc1 30. Bxc1 Nf6 31. Qd3 Ne4 32. Bxe4 fxe4 33. Qxe4 Qe8 34. Rf3 Qxa4 35. Rxf8+ Bxf8 36. Bb2 Bg7 37. Qg6 Qe8 38. Qxe8+ Rxe8 39. Bxg7 Kxg7 40. Kf1 b5 41. cxb5 axb5 42. Ke2 Kf6 43. Kd3 Ra8 44. h4 Ke5 45. hxg5 hxg5 46. Ne3 Ra3+ 47. Kc2 Ra2+ 48. Kd3 Ra8 49. Ng4+ Kxd5 50. e7 Ke6 51. f4 gxf4 52. gxf4 Kxe7 53. Ke4 Ra4+ 54. Kd5 Rd4+ 55. Kc6 b4 56. Ne3 b3 57. Nf5+ Ke6 58. Ng7+ Kf6 59. Ne8+ Ke7 60. Nc7 b2 61. f5 b1=Q 62. f6+ Kxf6 63. Ne8+ Ke7 64. Nxd6 Rxd6+ 65. Kc7 Qb6+ 66. Kc8 Rd8# 0-1


[Site "https://www.chess.com"]

[Event "Titled Tuesday Blitz August 08 Early 2023"]
[White "Luong Phuong Hanh"]
[Black "Hrescak, Ivana"]
[WhiteFideId "12401013"]
[BlackFideId "14613441"]
[WhiteElo "2371"]
[BlackElo "2208"]
[Result "1-0"]
[Round "6"]
[TimeControl "180+1"]
[Date "2023.08.08"]
[WhiteClock "0:00:10"]
[BlackClock "0:00:02"]
[Board "206"]

1. d4 d5 2. c4 c6 3. Nf3 Nf6 4. Qc2 dxc4 5. Qxc4 Bf5 6. g3 e6 7. Bg2 Be7 8. O-O h6 9. e3 O-O 10. Qe2 Ne4 11. Nfd2 Nxd2 12. Nxd2 Nd7 13. e4 Bg6 14. Rd1 Qc7 15. Nc4 e5 16. dxe5 Nxe5 17. Bf4 Bf6 18. Rd6 Qe7 19. Rxf6 gxf6 20. Ne3 Rad8 21. Bxh6 Rfe8 22. h4 Qb4 23. h5 Bh7 24. Ng4 Nd7 25. Rd1 Kh8 26. Rxd7 Rxd7 27. Nxf6 Qe7 28. e5 Rd4 29. Nxe8 Qxe8 30. Bg5 Qd7 31. Bf6+ Kg8 32. Qe3 Rd1+ 33. Kh2 Qf5 34. Bf3 Rd3 35. Qh6 Qxf6 36. exf6 Rxf3 37. Qg7# 1-0


[Site "https://www.chess.com"]

[Event "Titled Tuesday Blitz August 08 Early 2023"]
[White "Luxama, Jacques Muller"]
[Black "Carrasco Miranda, Andres"]
[WhiteFideId "11900113"]
[BlackFideId "3405990"]
[WhiteElo "2203"]
[BlackElo "2358"]
[Result "1-0"]
[Round "6"]
[TimeControl "180+1"]
[Date "2023.08.08"]
[WhiteClock "0:01:27"]
[BlackClock "0:00:25"]
[Board "207"]

1. e4 e5 2. Nf3 Nc6 3. Bc4 Bc5 4. d3 Nf6 5. O-O d6 6. c3 a5 7. a4 Be6 8. Qb3 Bxc4 9. Qxc4 h6 10. Be3 Ba7 11. Nbd2 Qd7 12. h3 O-O 13. Bxa7 Rxa7 14. Nh4 d5 15. exd5 Qxd5 16. Nf5 Rd8 17. Qxd5 Nxd5 18. Nf3 Ra6 19. d4 Rb6 20. Rab1 Re8 21. Rfe1 e4 22. Nd2 g6 23. Nxh6+ Kg7 24. Ng4 f5 25. Ne3 Nf4 26. Ndc4 Ra6 27. h4 Nd3 28. Re2 Ne7 29. f3 Nd5 30. Nxd5 c6 31. Nc7 1-0


[Site "https://www.chess.com"]

[Event "Titled Tuesday Blitz August 08 Early 2023"]
[White "cycygogne"]
[Black "AndresDelgado77"]
[WhiteElo "2170"]
[BlackElo "2349"]
[Result "1-0"]
[Round "6"]
[TimeControl "180+1"]
[Date "2023.08.08"]
[WhiteClock "0:01:18"]
[BlackClock "0:00:09"]
[Board "208"]

1. e4 e6 2. d4 d5 3. Nc3 Nf6 4. e5 Nfd7 5. f4 c5 6. Nf3 Nc6 7. Ne2 b6 8. c3 Ba6 9. g3 Rc8 10. Bh3 Bxe2 11. Qxe2 cxd4 12. cxd4 Nb4 13. O-O Rc2 14. Bd2 Rxb2 15. Rfc1 Nxa2 16. Rc6 Qa8 17. Rc7 Qb8 18. Rac1 Nxc1 19. Rxc1 Bb4 20. Qd3 Bxd2 21. Nxd2 O-O 22. f5 Rc8 23. Rf1 Nf8 24. fxe6 Nxe6 25. Nf3 h6 26. Nh4 Rbc2 27. Bxe6 fxe6 28. Qg6 R2c6 29. Rf7 Rc1+ 30. Kg2 R8c2+ 31. Kh3 Qf8 32. Rxf8+ Kxf8 33. Qxe6 Rh1 34. Ng6# 1-0


[Site "https://www.chess.com"]

[Event "Titled Tuesday Blitz August 08 Early 2023"]
[White "Ai, Evan"]
[Black "Tqebuchava, Zurab"]
[WhiteFideId "2094770"]
[BlackFideId "13601113"]
[WhiteElo "2341"]
[BlackElo "2256"]
[Result "1-0"]
[Round "6"]
[TimeControl "180+1"]
[Date "2023.08.08"]
[WhiteClock "0:01:57"]
[BlackClock "0:01:21"]
[Board "209"]

1. d4 d6 2. e4 Nf6 3. Nc3 Nbd7 4. Be3 c6 5. f3 b5 6. a3 Rb8 7. Qd2 Nb6 8. b3 a5 9. Nge2 a4 10. g4 h6 11. Ng3 axb3 12. cxb3 Ra8 13. Qc1 g6 14. d5 cxd5 15. Nxb5 Bg7 16. Nc7+ Kf8 17. Bxb6 Rb8 18. Ne6+ 1-0


[Site "https://www.chess.com"]

[Event "Titled Tuesday Blitz August 08 Early 2023"]
[White "Grigoryan, Meri"]
[Black "Stachanczyk, Jacek"]
[WhiteFideId "13300571"]
[BlackFideId "1116657"]
[WhiteElo "2168"]
[BlackElo "2340"]
[Result "0-1"]
[Round "6"]
[TimeControl "180+1"]
[Date "2023.08.08"]
[WhiteClock "0:00:02"]
[BlackClock "0:00:23"]
[Board "210"]

1. d4 d5 2. Nf3 Nf6 3. Bf4 c5 4. e3 Nc6 5. dxc5 Bg4 6. Be2 Qa5+ 7. c3 Qxc5 8. Ne5 Bxe2 9. Qxe2 e6 10. Nd2 Be7 11. O-O O-O 12. Ng4 Nxg4 13. Qxg4 f5 14. Qg3 Rf6 15. h4 Rg6 16. Qh2 Qb6 17. Bc7 Qxb2 18. Nf3 Qxc3 19. Rfc1 Qa3 20. Rab1 Rc8 21. Bf4 Qa6 22. h5 Rf6 23. Ne5 Rd8 24. Bg5 Rff8 25. Nxc6 Bxg5 26. Nxd8 Rxd8 27. Rc7 Bf6 28. Rbxb7 Qxa2 29. Rxg7+ Bxg7 30. Qg3 Qa1+ 31. Kh2 Qe5 32. f4 Qf6 33. Rxa7 Rf8 34. Kg1 Kh8 35. Qh3 Rg8 36. Ra6 d4 37. exd4 Qxd4+ 38. Kh2 Qxf4+ 39. Kh1 Qf1+ 40. Kh2 Be5+ 41. g3 Qxh3+ 42. Kxh3 Rxg3+ 43. Kh4 Kg7 44. Ra7+ Kf6 45. Rxh7 Rg1 46. Rh6+ Kf7 47. Rh7+ Kg8 48. Rh6 Kg7 49. Rxe6 Bf6+ 50. Kh3 Rh1+ 51. Kg2 Rxh5 52. Re3 Kg6 53. Rg3+ Bg5 54. Rf3 Rh4 55. Kf2 Ra4 56. Rb3 Kh5 57. Kg3 f4+ 58. Kh3 Re4 59. Rb7 Re3+ 60. Kg2 Kg4 61. Rg7 Re2+ 62. Kf1 Rb2 63. Ke1 Kf5 64. Rf7+ Ke4 65. Re7+ Kf3 66. Rf7 Bh4+ 67. Kd1 Bg3 68. Re7 Rh2 69. Kc1 Kg2 70. Rg7 f3 71. Rf7 f2 72. Kd1 f1=Q+ 73. Rxf1 Kxf1 74. Kc1 Kf2 75. Kd2 Rh4 76. Kd3 Kf3 77. Kd2 Rd4+ 78. Kc3 Ke3 0-1


[Site "https://www.chess.com"]

[Event "Titled Tuesday Blitz August 08 Early 2023"]
[White "Tarnowska, Aleksandra"]
[Black "rikchessmx"]
[WhiteFideId "1180967"]
[WhiteElo "2161"]
[BlackElo "2321"]
[Result "0-1"]
[Round "6"]
[TimeControl "180+1"]
[Date "2023.08.08"]
[WhiteClock "0:00:00"]
[BlackClock "0:01:03"]
[Board "211"]

1. e4 c5 2. Nf3 e6 3. c3 b6 4. d4 Bb7 5. d5 a6 6. c4 exd5 7. exd5 d6 8. Bd3 Nf6 9. O-O Be7 10. Nc3 O-O 11. Re1 b5 12. b3 b4 13. Ne2 a5 14. Bb2 Nbd7 15. Ng3 a4 16. bxa4 Re8 17. Nf5 Bf8 18. Rxe8 Nxe8 19. Bc2 Nb6 20. Qd3 g6 21. Re1 Nxa4 22. Ba1 Bc8 23. Rxe8 Qxe8 24. Ne3 Nc3 25. h4 Rxa2 26. Bxc3 bxc3 27. h5 Bh6 28. hxg6 hxg6 29. Qxc3 Bxe3 30. fxe3 Bg4 31. Nd2 Qe5 32. Nf1 Qxc3 0-1


[Site "https://www.chess.com"]

[Event "Titled Tuesday Blitz August 08 Early 2023"]
[White "Valle Maytin, Luis Enrique"]
[Black "Floresvillar Gonzalez, Luis Migu"]
[WhiteFideId "3503666"]
[BlackFideId "5100542"]
[WhiteElo "2308"]
[BlackElo "2153"]
[Result "1-0"]
[Round "6"]
[TimeControl "180+1"]
[Date "2023.08.08"]
[WhiteClock "0:00:22"]
[BlackClock "0:00:00"]
[Board "213"]

1. d4 d5 2. Nf3 c6 3. e3 Bf5 4. Bd3 e6 5. O-O Nf6 6. Nbd2 Nbd7 7. Qe2 Ne4 8. Bxe4 dxe4 9. Ne5 Nxe5 10. dxe5 Qc7 11. Nc4 b5 12. Nd6+ Bxd6 13. exd6 Qxd6 14. b3 O-O 15. Bb2 Rfd8 16. Rfd1 Qc5 17. Bd4 Qe7 18. a4 e5 19. Bc3 b4 20. Bb2 a5 21. Qc4 c5 22. h3 h6 23. Rd5 Rxd5 24. Qxd5 Rd8 25. Qxe5 Qxe5 26. Bxe5 Rd2 27. Rc1 Be6 28. Bc7 c4 29. Bxa5 cxb3 30. cxb3 Bxb3 31. Bxb4 Rc2 32. Ra1 Ra2 33. Rxa2 Bxa2 34. Kh2 f5 35. Kg3 g5 36. h4 Kf7 37. a5 Bc4 38. h5 Be2 39. Bc5 Ba6 40. Bd4 Bb7 41. f4 g4 42. Kf2 Ba6 43. Ke1 Bc4 44. g3 Ke7 45. Kd2 Kd7 46. Kc3 Bf7 47. Kb4 Kc6 48. Bg7 Bxh5 49. Bxh6 Bf7 50. Bg7 Bd5 51. Be5 1-0


[Site "https://www.chess.com"]

[Event "Titled Tuesday Blitz August 08 Early 2023"]
[White "Kaminski, Victor"]
[Black "Butti, Enrique"]
[WhiteFideId "1131630"]
[BlackFideId "3700470"]
[WhiteElo "2298"]
[BlackElo "2152"]
[Result "0-1"]
[Round "6"]
[TimeControl "180+1"]
[Date "2023.08.08"]
[WhiteClock "0:01:22"]
[BlackClock "0:02:12"]
[Board "214"]

1. e4 c5 2. Nf3 d6 3. d4 cxd4 4. Nxd4 Nf6 5. Nc3 a6 6. Bd3 e6 7. g4 h6 8. h4 b5 9. a3 Bb7 10. Qe2 Nbd7 11. Rg1 h5 12. g5 Ng4 13. g6 Qxh4 14. gxf7+ Kxf7 15. Qf3+ Qf6 16. Qg3 Qxd4 17. f3 Nge5 18. Be2 h4 19. Qh3 Qxg1+ 0-1


[Site "https://www.chess.com"]